[Event "Lidkoping Open 2019"]
[Site "Lidkoping"]
[Date "2019.08.25"]
[Round "7.15"]
[White "Wiklund, Robert"]
[Black "Bengtsson, Siv"]
[Result "1/2-1/2"]
[ECO "B33"]
[WhiteElo "1785"]
[BlackElo "2074"]
[Annotator "NA"]
[PlyCount "76"]
[EventDate "2019.08.19"]
[EventType "swiss"]
[EventCountry "SWE"]
[SourceTitle "playchess.com"]
[Source "ChessBase"]
[SourceQuality "1"]
[TimeControl "2700+10"]

1. e4 c5 2. Nf3 Nc6 3. d4 cxd4 4. Nxd4 Nf6 5. Nc3 e5 6. Ndb5 d6 7. Bg5 a6 8. Bxf6 gxf6 9. Na3 b5 10. Nd5 f5 11. c3 Bg7 12. exf5 Bxf5 13. Nc2 O-O 14. Nce3 Be6 15. g3 f5 16. Bg2 Rc8 17. f4 e4 18. O-O b4 19. g4 bxc3 20. bxc3 Ne7 21. gxf5 Nxf5 22. Nxf5 Bxf5 23. Qd2 Kh8 24. Rad1 Qa5 25. Ne7 Qc5+ 26. Kh1 e3 27. Qe2 Be6 28. Nxc8 Bc4 29. Rd3 Bxd3 30. Qxd3 Rxc8 31. Re1 Qxc3 32. Qxc3 Rxc3 33. Bf3 Bd4 34. Kg2 Kg7 35. Re2 Kf6 36. Be4 h6 37. Kf3 Rc7 38. Rc2 Rxc2 1/2-1/2

[Event "Lidkoping Open 2019"]
[Site "Lidkoping"]
[Date "2019.08.25"]
[Round "7.16"]
[White "Dyrnes, Jussi"]
[Black "Johansson, Stefan"]
[Result "0-1"]
[ECO "A40"]
[WhiteElo "1779"]
[BlackElo "2016"]
[Annotator "NA"]
[PlyCount "90"]
[EventDate "2019.08.19"]
[EventType "swiss"]
[EventCountry "SWE"]
[SourceTitle "playchess.com"]
[Source "ChessBase"]
[SourceQuality "1"]
[TimeControl "2700+10"]

1. d4 e6 2. Bf4 f5 3. h3 Nf6 4. g4 Nd5 5. Bd2 Nc6 6. e3 g6 7. Bc4 Nb6 8. Bb3 d5 9. gxf5 exf5 10. Nc3 Bg7 11. Nge2 Be6 12. Nf4 Bf7 13. Qf3 Ne7 14. h4 h6 15. O-O-O Qd7 16. Nd3 O-O-O 17. Nc5 Qe8 18. Qe2 Kb8 19. a4 c6 20. a5 Nd7 21. N3a4 Nxc5 22. Nxc5 Nc8 23. f3 Bxd4 24. Na4 Bf6 25. Bb4 Nd6 26. Bxd6+ Rxd6 27. Qd2 Rd8 28. Rde1 Qe7 29. Kb1 Rhe8 30. Qf2 Qc7 31. Qd2 c5 32. Nc3 Qxa5 33. Qh2+ Be5 34. f4 Bxc3 35. bxc3 Qxc3 36. Qe2 c4 37. Ba2 Rd6 38. Kc1 Qa1+ 39. Bb1 c3 40. Qd3 Rb6 41. Kd1 Rxb1+ 42. Ke2 Rxe1+ 43. Rxe1 Qa6 44. Rb1 Qxd3+ 45. Kxd3 a6 0-1

[Event "Lidkoping Open 2019"]
[Site "Lidkoping"]
[Date "2019.08.25"]
[Round "7.17"]
[White "Strom-Engdahl, Alexander"]
[Black "Beslagic, Smail"]
[Result "1/2-1/2"]
[ECO "A36"]
[WhiteElo "1858"]
[BlackElo "1853"]
[Annotator "NA"]
[PlyCount "34"]
[EventDate "2019.08.19"]
[EventType "swiss"]
[EventCountry "SWE"]
[SourceTitle "playchess.com"]
[Source "ChessBase"]
[SourceQuality "1"]
[TimeControl "2700+10"]

1. c4 c5 2. Nc3 Nc6 3. g3 g6 4. Bg2 Bg7 5. d3 Nf6 6. a3 O-O 7. Rb1 d6 8. e3 Nd7 9. Nge2 Rb8 10. b4 e6 11. O-O Ne7 12. d4 cxd4 13. exd4 a6 14. Bg5 h6 15. Be3 Qc7 16. Qd3 b6 17. Rfc1 Bb7 1/2-1/2

[Event "Lidkoping Open 2019"]
[Site "Lidkoping"]
[Date "2019.08.25"]
[Round "7.18"]
[White "Johansson, Eva"]
[Black "Nordlund, Keith"]
[Result "1/2-1/2"]
[ECO "A56"]
[WhiteElo "1869"]
[BlackElo "2013"]
[Annotator "NA"]
[PlyCount "29"]
[EventDate "2019.08.19"]
[EventType "swiss"]
[EventCountry "SWE"]
[SourceTitle "playchess.com"]
[Source "ChessBase"]
[SourceQuality "1"]
[TimeControl "2700+10"]

1. d4 Nf6 2. c4 c5 3. d5 e5 4. Nc3 d6 5. g3 Be7 6. Bg2 Nbd7 7. e4 O-O 8. Nge2 a6 9. O-O Ne8 10. f4 g6 11. Be3 Ng7 12. Qc2 Rb8 13. a4 b6 14. Ra3 f6 15. f5 1/2-1/2

[Event "Lidkoping Open 2019"]
[Site "Lidkoping"]
[Date "2019.08.25"]
[Round "7.19"]
[White "Frisk, Anders"]
[Black "Svensson, Leif"]
[Result "0-1"]
[ECO "A11"]
[WhiteElo "1776"]
[BlackElo "2027"]
[Annotator "NA"]
[PlyCount "34"]
[EventDate "2019.08.19"]
[EventType "swiss"]
[EventCountry "SWE"]
[SourceTitle "playchess.com"]
[Source "ChessBase"]
[SourceQuality "1"]
[TimeControl "2700+10"]

1. c4 c6 2. Nc3 d5 3. e3 e6 4. Nf3 Nd7 5. Be2 Bd6 6. Qc2 Ngf6 7. O-O O-O 8. b3 Re8 9. Bb2 e5 10. cxd5 Nxd5 11. Ne4 Bc7 12. Neg5 g6 13. h4 N7f6 14. g3 e4 15. Bxf6 Nxf6 16. Qc4 Qe7 17. Nxh7 exf3 0-1

[Event "Lidkoping Open 2019"]
[Site "Lidkoping"]
[Date "2019.08.25"]
[Round "7.20"]
[White "Nordstrom, Per-Olov"]
[Black "Muntean, Victor"]
[Result "0-1"]
[ECO "C55"]
[WhiteElo "1899"]
[BlackElo "2002"]
[Annotator "NA"]
[PlyCount "64"]
[EventDate "2019.08.19"]
[EventType "swiss"]
[EventCountry "SWE"]
[SourceTitle "playchess.com"]
[Source "ChessBase"]
[SourceQuality "1"]
[TimeControl "2700+10"]

1. e4 e5 2. Nf3 Nc6 3. Bc4 Nf6 4. d3 Be7 5. c3 O-O 6. O-O d5 7. exd5 Nxd5 8. Re1 Bg4 9. h3 Bh5 10. Nbd2 Kh8 11. Ne4 Nf4 12. Ng3 Bg6 13. Nxe5 Nxe5 14. Rxe5 f6 15. Rxe7 Nxh3+ 16. gxh3 Qxe7 17. Be3 Rad8 18. d4 f5 19. Qd2 h6 20. Ne2 Bh7 21. Nf4 g5 22. Nd5 Qg7 23. f3 Bg8 24. Nb6 axb6 25. d5 Kh7 26. Bd4 Qg6 27. Re1 Bxd5 28. Bxd5 Rxd5 29. Re7+ Rf7 30. Re8 Qd6 31. Rh8+ Kg6 32. Qg2 Rxd4 0-1

[Event "Lidkoping Open 2019"]
[Site "Lidkoping"]
[Date "2019.08.25"]
[Round "7.21"]
[White "Svedberg, Hans"]
[Black "Karlsson, Roger"]
[Result "1-0"]
[ECO "B12"]
[WhiteElo "2008"]
[BlackElo "1892"]
[Annotator "NA"]
[PlyCount "52"]
[EventDate "2019.08.19"]
[EventType "swiss"]
[EventCountry "SWE"]
[SourceTitle "playchess.com"]
[Source "ChessBase"]
[SourceQuality "1"]
[TimeControl "2700+10"]

1. e4 c6 2. d4 d5 3. e5 Bf5 4. Nf3 e6 5. Be2 c5 6. O-O Nc6 7. Be3 Qb6 8. Nc3 c4 9. b3 cxb3 10. axb3 Rc8 11. Na4 Qd8 12. c4 Bb4 13. cxd5 exd5 14. Rc1 Nge7 15. Nh4 O-O 16. f4 Be4 17. f5 Qd7 18. f6 Nf5 19. Nxf5 Bxf5 20. Rxf5 Qxf5 21. Bd3 Qe6 22. Qh5 h6 23. Bf5 Qe8 24. fxg7 f6 25. Qxh6 Bd6 26. e6 Bb4 1-0

[Event "Lidkoping Open 2019"]
[Site "Lidkoping"]
[Date "2019.08.25"]
[Round "7.22"]
[White "Loken, Espen"]
[Black "Bermann, Martin"]
[Result "0-1"]
[ECO "D79"]
[WhiteElo "1805"]
[BlackElo "1889"]
[Annotator "NA"]
[PlyCount "78"]
[EventDate "2019.08.19"]
[EventType "swiss"]
[EventCountry "SWE"]
[SourceTitle "playchess.com"]
[Source "ChessBase"]
[SourceQuality "1"]
[TimeControl "2700+10"]

1. d4 Nf6 2. Nf3 g6 3. g3 Bg7 4. Bg2 O-O 5. O-O d5 6. c4 c6 7. cxd5 cxd5 8. Nc3 Nc6 9. Bg5 h6 10. Bf4 Bf5 11. Rc1 Rc8 12. Nh4 Be6 13. Nf3 Ne4 14. Qa4 Qd7 15. Ne5 Nxe5 16. Bxe5 Nxc3 17. Qxd7 Nxe2+ 18. Kh1 Bxd7 19. Rxc8 Rxc8 20. Bxd5 Nxd4 21. Bxg7 Kxg7 22. Rd1 e5 23. f4 f6 24. fxe5 fxe5 25. Re1 Re8 26. Bxb7 Bc6+ 27. Bxc6 Nxc6 28. Kg2 Kf6 29. Rc1 Re6 30. Kf2 Nb4 31. Rc7 a6 32. Ke3 Rc6 33. Rh7 h5 34. a3 Nd5+ 35. Ke4 Ke6 36. Rg7 Nf6+ 37. Kd3 Rd6+ 38. Ke2 Kf5 39. h3 Rd7 0-1

[Event "Lidkoping Open 2019"]
[Site "Lidkoping"]
[Date "2019.08.25"]
[Round "7.23"]
[White "Alfven, Jorgen"]
[Black "Mathisen, Runar"]
[Result "0-1"]
[ECO "A49"]
[WhiteElo "1871"]
[BlackElo "1868"]
[Annotator "NA"]
[PlyCount "92"]
[EventDate "2019.08.19"]
[EventType "swiss"]
[EventCountry "SWE"]
[SourceTitle "playchess.com"]
[Source "ChessBase"]
[SourceQuality "1"]
[TimeControl "2700+10"]

1. d4 c5 2. c3 Nf6 3. Nf3 b6 4. g3 Bb7 5. Bg2 g6 6. Nbd2 Bg7 7. O-O O-O 8. Qc2 cxd4 9. cxd4 Na6 10. a3 Rc8 11. Qd3 Nc7 12. Re1 d5 13. b4 Ba6 14. Qb3 Nb5 15. Bb2 Nd6 16. a4 Bc4 17. Nxc4 Nxc4 18. Ne5 Nxb2 19. Qxb2 Nd7 20. Nd3 Rc4 21. e3 e6 22. b5 Nc5 23. Nxc5 bxc5 24. Red1 cxd4 25. exd4 Qf6 26. Bf1 Rxd4 27. Rxd4 Qxd4 28. Qxd4 Bxd4 29. Rc1 Bb6 30. Kg2 f6 31. Rc6 Kf7 32. Kf3 Rd8 33. Bh3 f5 34. g4 d4 35. gxf5 gxf5 36. Ke2 d3+ 37. Kd2 Bxf2 38. Rc7+ Kg6 39. a5 Be3+ 40. Kd1 Rb8 41. b6 axb6 42. axb6 Rxb6 43. Rc1 Bxc1 44. Kxc1 e5 45. Bf1 e4 46. Kd2 Rb2+ 0-1